Map: Deathaura LE

Players

Solar

  • Race: Zerg Zerg
  • Spawn Location: 11:00

Maru - Winner!

  • Race: Terran Terran
  • Spawn Location: 5:00

Event: IEM Katowice 2021

VOD

Have the link to the VOD?

Description

Time

  • Played on: Feb. 22, 2021, 11:12 a.m.
  • Length: 6:31

All games in this series

Show
View Real Time Build Order
Export as new Build Order

Solar Zerg 

Build Orders: Hatch First 

Get SALT Encoding   

  12  0:00  Drone  
  13  0:12  Overlord  
  13  0:17  Drone  
  14  0:30  Drone  
  14  0:31  Drone  
  16  0:47  Hatchery  
  15  0:51  Drone  
  15  0:55  Drone  
  17  0:59  Drone  
  18  1:15  Spawning Pool  
  18  1:17  Drone  
  18  1:20  Drone  
  19  1:28  Drone  
  19  1:32  Extractor  
  19  1:38  Drone  
  20  1:56  Drone  
  21  2:03  Zergling x4  
  21  2:04  Queen x2  
  27  2:11  Drone  
  27  2:15  Drone  
  24  2:29  Zergling x2  
  25  2:41  Overlord  
  24  2:47  Overlord  
  24  3:00  Drone x3  
  27  3:06  Drone  
  27  3:07  Zergling x4  
  30  3:14  Queen  
  32  3:20  Overlord  
  32  3:24  Drone  
  33  3:27  Metabolic Boost  
  33  3:30  Drone  
  33  3:33  Drone  
  35  3:37  Overlord  
  35  3:40  Drone  
  36  3:42  Drone  
  36  3:44  Drone  
  38  3:48  Drone  
  38  3:54  Drone  
  38  3:55  Drone  
  41  4:05  Hatchery  
  41  4:08  Drone  
  41  4:09  Drone  
  42  4:16  Drone  
  42  4:17  Drone x3  
  46  4:21  Queen  
  48  4:25  Overlord  
  48  4:28  Overlord  
  48  4:30  Drone  
  49  4:32  Drone  
  49  4:34  Drone  
  49  4:35  Drone  
  52  4:40  Overlord  
  52  4:45  Zergling x2  
  52  4:51  Zergling x4  
  54  4:53  Drone x3  
  54  4:55  Evolution Chamber  
  54  4:59  Queen  
  58  5:01  Drone  
  58  5:04  Zergling x6  
  58  5:05  Drone  
  63  5:15  Drone  
  63  5:17  Drone  
  63  5:18  Drone, Queen  
  68  5:22  Spore Crawler  
  68  5:24  Drone  
  68  5:25  Extractor  
  68  5:26  Extractor, Drone  
  67  5:28  Drone  
  67  5:33  Drone x2  
  67  5:34  Drone  
  67  5:35  Overlord  
  71  5:37  Drone x3  
  71  5:39  Drone x2  
  75  5:44  Baneling Nest  
  75  5:46  Drone  
  75  5:49  Drone  
  76  5:51  Drone  
  76  5:52  Spore Crawler  
  76  5:58  Drone  
  76  6:00  Overlord  
  76  6:01  Drone  
  78  6:04  Drone x3  
  78  6:05  Extractor  
  78  6:09  Drone  
  78  6:10  Drone  
  78  6:11  Drone  
  83  6:13  Drone  
  83  6:14  Drone x2  
  86  6:21  Extractor  
  87  6:28  Hatchery  
Show
View Real Time Build Order
Export as new Build Order

Maru Terran - Winner!

Build Orders:  

Get SALT Encoding   

  12  0:00  SCV  
  13  0:12  SCV  
  14  0:17  Supply Depot  
  14  0:24  SCV  
  15  0:39  Barracks  
  15  0:49  Barracks  
  15  0:53  SCV  
  16  1:03  Refinery  
  16  1:05  SCV  
  17  1:17  SCV  
  18  1:26  Marine  
  18  1:30  Orbital Command  
  19  1:34  Supply Depot  
  19  1:36  Marine  
  20  1:43  Marine  
  21  1:55  SCV, Bunker  
  21  1:57  Marine  
  23  2:01  Marine  
  24  2:09  SCV  
  25  2:21  Factory  
  25  2:22  Marine x2  
  22  2:24  SCV  
  25  2:36  SCV  
  26  2:41  Marine  
  28  2:48  SCV  
  28  2:51  Command Center  
  28  3:01  Supply Depot  
  28  3:03  SCV  
  28  3:05  Factory Reactor  
  29  3:11  Starport  
  29  3:15  SCV  
  29  3:18  Refinery  
  30  3:28  SCV  
  31  3:40  SCV  
  32  3:43  Hellion x2  
  36  3:48  Medivac  
  36  3:52  SCV  
  39  4:02  Orbital Command  
  39  4:04  SCV  
  39  4:06  Barracks Reactor, Barracks Tech Lab  
  39  4:07  Hellion  
  39  4:09  Hellion  
  44  4:19  SCV  
  45  4:24  Stimpack, Marine  
  45  4:29  SCV  
  47  4:32  SCV, Supply Depot  
  48  4:41  SCV  
  48  4:43  Marine x3, Factory Tech Lab  
  52  4:46  SCV  
  52  4:50  Supply Depot  
  53  4:53  Medivac x2  
  53  4:55  Engineering Bay  
  53  4:57  Supply Depot  
  57  5:02  Marine x2  
  57  5:03  Marine  
  57  5:05  SCV x2  
  62  5:11  Supply Depot  
  62  5:16  Siege Tank  
  62  5:17  SCV  
  62  5:20  Marine  
  67  5:22  SCV  
  67  5:23  Marine  
  67  5:24  Marine  
  70  5:29  SCV  
  70  5:34  SCV  
  72  5:38  Marine  
  72  5:41  SCV  
  74  5:46  SCV  
  75  5:53  Command Center, Marine  
  75  5:54  Marine  
  75  5:56  Marine  
  78  5:58  SCV  
  79  6:10  SCV  
  80  6:11  Marine x2  
  80  6:13  Refinery x2  
  80  6:17  Supply Depot  

Tags
 
Add a new tag
Caveats
  • Supply blocks, unpowered buildings, or Contaminate may cause inaccurate times.
  • Supply counts are checked every 10 seconds.